 Dungeon Crawl Stone Soup version 0.24-a0-434-gd57e52fea8 (webtiles) character file.

Game seed: 11786697056153353040

2779 vurker the Spear-Bearer (level 9, -10/71 HPs)
             Began as a Merfolk Gladiator on June 16, 2019.
             Was an Initiate of Yredelemnul.
             Mangled by a cyan ugly thing (12 damage)
             ... on level 7 of the Dungeon.
             The game lasted 00:18:12 (7640 turns).

vurker the Spear-Bearer (Merfolk Gladiator)         Turns: 7640, Time: 00:18:12

Health: -10/71     AC: 14    Str: 18    XL:     9   Next: 70%
Magic:  9/9        EV: 11    Int:  7    God:    Yredelemnul [......]
Gold:   294        SH:  0    Dex: 15    Spells: 8/8 levels left

rFire    + . .     SeeInvis .   u - +0 glaive
rCold    . . .     Gourm    .   (shield currently unavailable)
rNeg     . . .     Faith    .   v - +0 chain mail {rF+}
rPois    .         Spirit   .   b - +2 hat
rElec    .         Reflect  .   o - +1 cloak
rCorr    .         Harm     .   (no gloves)
MR       .....                  h - +0 pair of boots
Stlth    ..........             (no amulet)
HPRegen  0.21/turn              (no ring)
MPRegen  0.11/turn              (no ring)

@: no status effects
A: change form in water, swift swim, stealthy swim
a: Renounce Religion


You were on level 7 of the Dungeon.
You worshipped Yredelemnul.
Yredelemnul was noncommittal.
You were not hungry.

You visited 2 branches of the dungeon, and saw 8 of its levels.

You collected 294 gold pieces.

Inventory:

Hand Weapons
 j - the +1 long sword "Omme" {drain, rElec rF+++ Dex-3, unknown}
   (You found it on level 7 of the Dungeon)

   A truly terrible weapon, it drains the life of those it strikes.
   It affects your dexterity (-3).
   It renders you almost immune to fire.
   It insulates you from electricity.
 u - a +0 glaive (weapon)
   (You took it off an orc warrior on level 6 of the Dungeon)
Missiles
 a - 3 throwing nets (quivered) {!f}
Armour
 b - a +2 hat (worn)
   (You found it on level 1 of the Dungeon)
 h - a +0 pair of boots (worn)
   (You found it on level 1 of the Dungeon)
 o - a +1 cloak (worn)
   (You found it on level 2 of the Dungeon)
 v - a +0 chain mail of fire resistance (worn)
   (You took it off an orc warrior on level 6 of the Dungeon)
Wands
 d - a wand of iceblast (9)
   (You found it on level 7 of the Dungeon)
 t - a wand of flame (20)
   (You found it on level 4 of the Dungeon)
 y - a wand of scattershot (6)
   (You found it on level 5 of the Dungeon)
Scrolls
 i - a scroll of identify {@r1}
 m - a scroll of enchant armour
 z - a scroll of remove curse {@r2}
Potions
 c - a potion of flight
 f - 2 potions of agility
 l - 2 potions of curing {@q1}
 n - 2 potions of ambrosia
 p - a potion of lignification {!q}
 s - a potion of haste {@q3}
Comestibles
 e - 10 rations {!d}


   Skills:
 + Level 6.8 Fighting
 * Level 12.4 Polearms
 - Level 2.0 Throwing
 + Level 3.8 Armour
 + Level 8.7 Dodging


You had 8 spell levels left.
You didn't know any spells.
Your spell library contained the following spells:

 Spells                   Type           Power        Failure   Level  Hunger
 Magic Dart               Conj           #...         99%         1    ##.....
 Searing Ray              Conj           #.....       100%        2    ###....
 Dazzling Spray           Conj/Hex       #.....       100%        3    ####...
 Force Lance              Conj/Tloc      #.......     100%        4    #####..
 Fulminant Prism          Conj/Hex       #.........   100%        4    #####..
 Iskenderun's Mystic Bla  Conj           #.......     100%        4    #####..


Dungeon Overview and Level Annotations

Branches:
Dungeon (7/15)             Temple (1/1) D:7

Altars:
Cheibriados
Dithmenos
Elyvilon
Fedhas
Gozag
Hepliaklqana
Kikubaaqudgha
Makhleb
Nemelex Xobeh
Okawaru
Qazlal
Ru
Sif Muna
Trog
Uskayaw
Vehumet
Xom
Yredelemnul
Zin
The Shining One


Message History

Done exploring.
Done exploring.
Done exploring.
Your legs become a tail as you enter the water.
Your +0 pair of boots melds into your body.
Your +0 pair of boots unmelds from your body.
There is a basalt altar of Yredelemnul here.
You kneel at the altar of Yredelemnul.
Yredelemnul welcomes you!
Your legs become a tail as you enter the water.
Your +0 pair of boots melds into your body.
Your +0 pair of boots unmelds from your body.
There is an iron altar of Okawaru here.
Your legs become a tail as you enter the water.
Your +0 pair of boots melds into your body.
Your +0 pair of boots unmelds from your body.
There is a staircase back to the Dungeon here.
You eat one of the 11 rations {!d}.
That ration really hit the spot!
As you read the scroll labeled AMIVIU ZEALENN, it crumbles to dust.
You speak a Word of immense power!
Yredelemnul forgives your inadvertent holy act, just this once.
It was a scroll of holy word.
Okay, then.
Okay, then.
As you read the scroll of identify {@r1}, it crumbles to dust.
r - a potion of magic Drop what? 21/52 slots (_ for help) (? for menu, Esc to quit)
You drop a potion of magic.
You climb upwards.
Welcome back to the Dungeon!
The cyan ugly thing engulfs you. The cyan ugly thing shocks you!
The cyan ugly thing closely misses you.
There is a staircase to the Ecumenical Temple here.
You closely miss the cyan ugly thing.
The cyan ugly thing engulfs you but does no damage.
Your chain mail prevents you from hitting the cyan ugly thing.
The cyan ugly thing engulfs you! The cyan ugly thing shocks you!
* * * LOW HITPOINT WARNING * * *
You closely miss the cyan ugly thing. The cyan ugly thing engulfs you!
* * * LOW HITPOINT WARNING * * *
The cyan ugly thing shocks you!
* * * LOW HITPOINT WARNING * * *
Okay, then.
You see here 16 arrows.
The cyan ugly thing engulfs you but does no damage.
The cyan ugly thing misses you. The cyan ugly thing engulfs you!
* * * LOW HITPOINT WARNING * * *
The cyan ugly thing shocks you!
You die...
Your body rises from the dead as a mindless zombie.

..#### #..# ###...### ##
#....##### ##.# #...##
#.##.##..## #.# ##...#
......#...# #.# #...###
........#.## ##.#
#..#...###
...⌠..###..#####..##
#.####...[
......####.........##
#.# ##..)
.>......########....##..
#.[. .(....#.#####
##@..<...# #...
...⌠..#.....###u..######
#... .................##
##... ......######....##
###.... #.##.## #....#
#.....# ..#..# ##....##
##....# #...## ##..##..#
####.. #.### ##.)###.##
#.. #.# ##..###..# ##..


You could see a cyan ugly thing.

Vanquished Creatures
  Grinder (D:6)
  Eustachio (D:4)
  Menkaure (D:5)
  A hungry ghost (D:7)
  Edmund (D:5)
  An ice beast (D:6)
  A sky beast (D:6)
  A black bear (D:6)
  2 orc warriors (D:6)
  2 centaurs (D:6)
  An ogre (D:4)
  A bullfrog (D:7)
  3 scorpions
  4 wights (D:6)
  2 howler monkeys
  3 jellies (D:3)
  A crimson imp (D:6)
  A hound (D:4)
  7 orc wizards
  An orc priest (D:7)
  An iguana (D:5)
  5 worker ants
  A hound skeleton (D:5)
  A worker ant zombie (D:6)
  5 gnolls
  7 adders
  2 shadow imps (D:6)
  7 oozes (D:3)
  An adder zombie (D:7)
  3 adder skeletons
  3 worms
  A dart slug (D:1)
  3 leopard geckos
  37 orcs
  7 bats
  8 giant cockroaches
  11 goblins
  10 hobgoblins
  10 jackals
  4 quokkas
  3 frilled lizards
  A jackal skeleton (D:6)
  14 kobolds
  A leopard gecko skeleton (D:5)
  A leopard gecko zombie (D:6)
  9 rats
192 creatures vanquished.

Vanquished Creatures (others)
  2 fungi (D:3)
  7 toadstools (D:3)
9 creatures vanquished.

Grand Total: 201 creatures vanquished

Notes
Turn   | Place    | Note
-------+----------+-------------------------------------------
     0 | D:1      | vurker the Merfolk Gladiator began the quest for the Orb.
     0 | D:1      | Reached XP level 1. HP: 16/16 MP: 1/1
   413 | D:1      | Reached XP level 2. HP: 23/23 MP: 2/2
   529 | D:1      | Reached skill level 5 in Polearms
   708 | D:1      | Reached XP level 3. HP: 28/28 MP: 3/3
  1007 | D:2      | Reached XP level 4. HP: 29/34 MP: 4/4
  1210 | D:2      | Reached skill level 6 in Polearms
  1239 | D:2      | Reached skill level 5 in Dodging
  1239 | D:2      | Reached XP level 5. HP: 17/41 MP: 5/5
  1422 | D:2      | Found a blossoming altar of Fedhas.
  1570 | D:2      | You fall into a shaft and drop 1 floor!
  1651 | D:2      | Found a snail-covered altar of Cheibriados.
  2077 | D:3      | Reached skill level 7 in Polearms
  2093 | D:3      | Found a shimmering altar of Xom.
  2264 | D:3      | Reached XP level 6. HP: 32/48 MP: 6/6
  2854 | D:4      | Reached skill level 1 in Armour
  2899 | D:4      | Reached skill level 8 in Polearms
  3053 | D:4      | Found a hazy altar of Hepliaklqana.
  3076 | D:4      | Found a radiant altar of Vehumet.
  3081 | D:4      | Reached XP level 7. HP: 54/54 MP: 7/7
  3157 | D:4      | Noticed Eustachio
  3185 | D:4      | Killed Eustachio
  3362 | D:4      | Reached skill level 9 in Polearms
  3842 | D:5      | Entered Level 5 of the Dungeon
  3842 | D:5      | Noticed Menkaure
  3986 | D:5      | Noticed Edmund
  4057 | D:5      | Killed Edmund
  4057 | D:5      | Reached XP level 8. HP: 28/61 MP: 8/8
  4288 | D:5      | Reached skill level 5 in Fighting
  4677 | D:5      | Killed Menkaure
  4816 | D:6      | Reached skill level 10 in Polearms
  4821 | D:6      | Noticed Grinder
  4837 | D:6      | Killed Grinder
  4999 | D:6      | Reached skill level 11 in Polearms
  5003 | D:6      | Reached XP level 9. HP: 60/69 MP: 9/9
  5303 | D:6      | Found a stormy altar of Qazlal.
  6114 | D:6      | HP: 3/71 [orc warrior/+0 glaive (17)]
  6114 | D:6      | HP: 1/71 [orc wizard/+0 dagger (2)]
  6121 | D:7      | Reached skill level 12 in Polearms
  7413 | D:7      | Found a staircase to the Ecumenical Temple.
  7422 | D:7      | Got a faintly glowing long sword
  7452 | D:7      | Noticed a cyan ugly thing
  7457 | Temple   | Entered the Ecumenical Temple
  7578 | Temple   | Became a worshipper of Yredelemnul the Dark
  7640 | D:7      | HP: 2/71 [cyan ugly thing (11)]
  7640 | D:7      | Mangled by a cyan ugly thing

Levels and vault maps discovered:
D:1:      mrwooster_arrival_statue, layout_loops_cross,
          chequers_serial_rivers_micro_d
D:2:      minmay_general_purpose_star, layout_rooms, overflow_temple_1_default,
          lemuel_crystal_altar, minmay_split_cup_large
D:3:      cheibrodos_fertilizer, layout_rooms, old_standard_altar
D:4:      layout_basic, overflow_temple_1_default, lemuel_crystal_altar,
          minmay_tree_intersection, uniq_eustachio
D:5:      layout_rooms, first_ration, uniq_menkaure, uniq_edmund
D:6:      layout_loops_corners, basic_altar, uniq_grinder
D:7:      layout_layer_cave, minmay_temple_entry_large_hall
Temple:   regret_index_temple_waves

Skill      XL: |  1  2  3  4  5  6  7  8  9 |
---------------+----------------------------+-----
Polearms       | 5 6 7 8 9 11 12 | 12.4
Fighting       | 3 4 5 6 |  6.8
Dodging        | 5 6 7 8 |  8.7
Armour         | 1 2 3 |  3.8
Throwing       | |  2.0

Action                   |  1- 3 |  4- 6 |  7- 9 || total
-------------------------+-------+-------+-------++-------
Melee: Trident           |   110 |   309 |   435 ||   854
       Glaive            |       |       |    42 ||    42
  Use: Scroll            |       |       |    17 ||    17
       Potion            |       |       |     2 ||     2
  Eat: Chunk             |       |     8 |    12 ||    20
       Ration            |       |       |     2 ||     2
Armor: Leather armour    |    15 |       |       ||    15
       Chain mail        |    21 |   146 |   201 ||   368
Dodge: Dodged            |    61 |   111 |   194 ||   366

Table legend:
 A = Non-vault XP
 B = Vault XP
 C = Vault XP percentage of total XP
 D = Non-vault monster count
 E = Vault monster count
 F = Vault count percentage of total count
                 A         B        C        D         E       F
            +---------+---------+-------+---------+---------+-------
      Total |    2903 |    1068 |  26.9 |     164 |      28 |  14.6
            +---------+---------+-------+---------+---------+-------
        D:1 |      37 |       0 |   0.0 |      19 |       0 |   0.0
        D:2 |     133 |      31 |  18.9 |      24 |       7 |  22.6
        D:3 |      53 |     190 |  78.2 |      26 |      17 |  39.5
        D:4 |     386 |     214 |  35.7 |      20 |       1 |   4.8
        D:5 |     183 |     343 |  65.2 |      13 |       2 |  13.3
        D:6 |    1619 |     290 |  15.2 |      48 |       1 |   2.0
        D:7 |     492 |       0 |   0.0 |      14 |       0 |   0.0
            +---------+---------+-------+---------+---------+-------
